 Dungeon Crawl Stone Soup version 0.28.0-53-g5a82cb258f (webtiles) character file.

Game seed: 2774290628076447217

123 issech the Chopper (level 4, 0/41 HPs)
             Began as a Minotaur Monk on June 6, 2022.
             Succumbed to an adder's poison
             ... on level 4 of the Dungeon.
             The game lasted 00:06:38 (2680 turns).

issech the Chopper (Minotaur Monk)                  Turns: 2680, Time: 00:06:38

Health: 0/41       AC:  9    Str: 15    XL:     4   Next: 79%
Magic:  3/3        EV: 11    Int:  7    God:
Gold:   150        SH:  0    Dex: 15    Spells: 3/3 levels left

rFire   . . .      SeeInvis .   o - +0 flail
rCold   . . .      Faith    .   (no shield)
rNeg    . . .      Spirit   .   v - +0 chain mail
rPois   .          Reflect  .   (helmet restricted)
rElec   .          Harm     .   g - +0 cloak
rCorr   .          Rampage  .   (no gloves)
Will    .....                   (no boots)
Stlth   ..........              (no amulet)
HPRegen 0.13/turn               u - +4 ring of evasion
MPRegen 0.08/turn               (no ring)

@: lethally poisoned (0 -> -3)
A: horns 2, retaliatory headbutt
a: no special abilities


You were on level 4 of the Dungeon.
You visited 1 branch of the dungeon, and saw 4 of its levels.

You collected 150 gold pieces.

Inventory:

Hand Weapons
 a - a +0 hand axe
 l - a +1 hunting sling of flaming
 o - a +0 flail (weapon)
 x - a +0 trident
 z - a +0 mace
Missiles
 c - 4 javelins (quivered)
 e - 31 arrows
 f - 68 stones
 h - 25 bolts
 i - 6 poisoned darts
 s - 17 sling bullets
Armour
 b - a +0 robe
 d - a +0 ring mail
 g - a +0 cloak (worn)
 v - a +0 chain mail (worn)
 w - a +0 scale mail
 y - a +0 leather armour
Jewellery
 u - a +4 ring of evasion (left hand)
Scrolls
 j - 4 scrolls of identify {unknown}
 m - a scroll of blinking {unknown}
 p - a scroll of enchant weapon {unknown}
 q - a scroll of vulnerability {unknown}
 A - a scroll of enchant armour {unknown}
Potions
 k - 2 potions of curing {unknown}
 n - 3 potions of lignification {unknown}
 r - a potion of flight {unknown}
 t - a potion of magic {unknown}


   Skills:
 + Level 4.6 Fighting
 + Level 4.6 Axes
 + Level 2.3 Slings
 + Level 0.9 Armour
 + Level 3.8 Dodging
 + Level 1.7 Stealth


You had 3 spell levels left.
You didn't know any spells.
Your spell library contained the following spells:

 Spells                   Type           Power      Damage    Failure   Level
 Ensorcelled Hibernation  Hex/Ice        0%         N/A       100%        2
 Spider Form              Tmut/Pois      0%         N/A       100%        3
 Anguish                  Hex/Necr       0%         N/A       100%        4
 Blade Hands              Tmut           0%         N/A       100%        5
 Irradiate                Conj/Tmut      0%         3d14      100%        5
 Dragon Form              Tmut           0%         N/A       100%        7


Dungeon Overview and Level Annotations

Branches:
Dungeon (4/15)
 Temple: D:4-7

Altars:


Innate Abilities, Weirdness & Mutations

You have a pair of horns on your head.
You reflexively headbutt those who attack you in melee.


Message History

The stone burns the gnoll.
The gnoll is lightly wounded.
The adder bites you but does no damage. The gnoll closely misses you.
The gnoll hits you from afar with a +0 halberd!
You shoot a stone.
The stone hits the adder but does no damage.
The adder is severely wounded.
The adder bites you.
You are poisoned.
The adder poisons you! The gnoll barely misses you.
The gnoll hits you from afar with a +0 halberd!
The adder misses you.
Your +1 hunting sling of flaming stops flaming.
o - a +0 flail (weapon)
You feel sick. The gnoll completely misses you. The gnoll barely misses you.
You miss the adder.
The adder is severely wounded.
You feel sick. The adder bites you but does no damage.
The gnoll barely misses you. x2; The adder barely misses you.
You hit the adder. Your headbutt misses the adder.
The adder is almost dead.
You feel sick.
You are no longer poisoned.
The adder barely misses you. The gnoll closely misses you. x2
The adder bites you but does no damage.
You closely miss the adder.
The adder is almost dead.
The gnoll closely misses you. x2; The adder bites you.
* * * LOW HITPOINT WARNING * * *
You are poisoned.
The adder poisons you!
The gnoll hits you from afar with a +0 halberd.
* * * LOW HITPOINT WARNING * * *
The gnoll closely misses you.
* * * LOW HITPOINT WARNING * * *
You feel sick. The adder bites you.
* * * LOW HITPOINT WARNING * * *
* * * LOW HITPOINT WARNING * * *
You feel sick.
You die...

##### #..[. #.... .#
#....
...##################....
#......@..............<.
...##...###########......
###S.# #.#.... ### ##g#
###....#....
...?###(###..<..####....
#.......=.### #####
###(..).### #.#........
...###..####


You could see an adder.

Vanquished Creatures
  A bullfrog skeleton (D:3)
  A gnoll (D:4)
  2 worms (D:2)
  2 dart slugs
  4 ball pythons
  6 endoplasms
  4 giant cockroaches
  8 goblins
  7 hobgoblins
  8 jackals
  2 kobolds (D:1)
  3 quokkas
  5 bats
  6 frilled lizards
  7 rats
66 creatures vanquished.

Notes
Turn   | Place    | Note
-------+----------+-------------------------------------------
     0 | D:1      | issech the Minotaur Monk began the quest for the Orb.
     0 | D:1      | Reached XP level 1. HP: 19/19 MP: 0/0
   287 | D:1      | Reached XP level 2. HP: 24/27 MP: 1/1
   834 | D:1      | You fall into a shaft and drop 1 floor!
   860 | D:2      | Reached XP level 3. HP: 33/33 MP: 2/2
  1486 | D:2      | Found a faded altar of an unknown god.
  1693 | D:3      | Reached XP level 4. HP: 41/41 MP: 3/3
  2678 | D:4      | HP: 2/41 [adder (1)]
  2680 | D:4      | Succumbed to an adder's poison

Illustrated notes

Levels and vault maps discovered:
D:1:      sevenhm_arrival_forest_fort_small_4, layout_loops_cross
D:2:      layout_loops_ring, hellmonk_ecumenical_altar_pennies_from_heaven
D:3:      layout_loops_corners
D:4:      layout_rooms, zin_purify, mainiacjoe_overflow_brackets, st_stairs_7

Skill      XL: |  1  2  3  4 |
---------------+-------------+-----
Axes           | 4 |  4.6
Fighting       | 4 |  4.6
Slings         | 2 |  2.3
Armour         | |  0.9
Dodging        | |  3.8
Stealth        | |  1.7

Action                   |  1- 3 |  4- 6 || total
-------------------------+-------+-------++-------
Melee: Hand axe          |    63 |       ||    63
       Headbutt          |     6 |       ||     6
       Flail             |       |     3 ||     3
 Fire: Hunting sling     |    41 |    47 ||    88
Armor: Ring mail         |    21 |     1 ||    22
       Robe              |     1 |       ||     1
       Chain mail        |       |    10 ||    10
Dodge: Dodged            |    52 |    29 ||    81
